Cogmind - Beta 10.1 @@@ ROGUE MODE // 2020.10.06 @ 14:43:00 Player: Cracklepappy Result: Destroyed by D-53 Grenadier with Mini Grenade Launcher Performance ------------- Evolutions (0) 0 Regions Visited (2) 400 Robots Destroyed (35) 175 Value Destroyed (358) 358 Prototype IDs (3) 60 Alien Tech Used (0) 0 Bonus (-50) -50 TOTAL SCORE: 943 Bonus ------- Friendly Fire -50 Cogmind --------- Core Integrity 0/250 Matter 58/300 Energy 99/100 System Corruption 0% Temperature Cool (0) Movement Core (50) Location -10/Mines Parts ------- > --- POWER (1) -------- (None) > --- PROPULSION (2) --- (None) > --- UTILITY (2) ------ (None) > --- WEAPON (2) ------- (None) > --- INVENTORY (4) ---- Compact Wheel High-capacity Storage Unit Light Cannon Mining Laser Peak State ------------ > --- POWER ------------ Ion Engine > --- PROPULSION ------- Light Treads Compact Wheel > --- UTILITY ---------- High-capacity Storage Unit High-capacity Storage Unit > --- WEAPON ----------- Assault Rifle Light Cannon > --- INVENTORY -------- Ion Engine Light Treads Light Treads Light Treads Wheel Compact Wheel Compact Wheel Small Storage Unit Large Storage Unit High-capacity Storage Unit High-capacity Storage Unit High-capacity Storage Unit High-capacity Storage Unit Medium Armor Plating Light Assault Rifle Light Assault Rifle Light Cannon Grenade Launcher Mining Laser [Rating: 9] Favorites ----------- Power Ion Engine Engine Ion Engine Propulsion Light Treads Treads Light Treads Wheel Compact Wheel Utility Small Storage Unit Storage Small Storage Unit Weapon Light Assault Rifle Energy Gun Medium Laser Ballistic Gun Light Assault Rifle Ballistic Cannon Light Cannon Launcher Grenade Launcher Build | -11 -10 -10 ------- Run | Scr Mat Min Slots Evolved . | . . . Power . | . . . Propulsion . | . . . Utility . | . . . Weapon . | . . . Parts Attached 25 | 7 10 8 Power 2 | 1 1 . Engine 2 | 1 1 . Core . | . . . Reactor . | . . . Propulsion 4 | 2 . 2 Treads 3 | 1 . 2 Leg . | . . . Wheel 1 | 1 . . Hover . | . . . Flight . | . . . Utility 6 | 2 4 . Device . | . . . Storage 6 | 2 4 . Processor . | . . . Hackware . | . . . Protection . | . . . Artifact . | . . . Weapon 13 | 2 5 6 Energy Gun 1 | 1 . . Energy Cannon . | . . . Ballistic Gun 7 | 1 2 4 Ballistic Cannon 1 | . 1 . Launcher 4 | . 2 2 Special Weapon . | . . . Impact Weapon . | . . . Slashing Weapon . | . . . Piercing Weapon . | . . . Special Melee Weapon . | . . . Unidentified Prototypes . | . . . Parts Lost 7 | . . 7 Power . | . . . Propulsion 2 | . . 2 Utility . | . . . Weapon 5 | . . 5 Highest Loss Streak 7 | . . 7 Average Slot Usage (%) 99 | . 99 97 Engine 14 | . 14 14 Treads 14 | . 14 15 Wheel 13 | . 14 12 Storage 28 | . 28 28 Energy Gun 2 | . 3 . Ballistic Gun 13 | . 13 12 Ballistic Cannon 11 | . 10 12 Naked Turns 1 | . . 1 Heaviest Build 74 | 14 74 74 Greatest Support 40 | 20 16 40 Greatest Overweight (x) 4 | . 4 4 Average Overweight (x) 1 | . 1 3 Largest Inventory Capacity 20 | 8 20 20 Average Capacity 12 | 6 11 19 Most Carried 20 | 8 20 20 Average Carried 12 | 4 11 19 Final Capacity 20 | 8 20 4 Final Carried 20 | 8 20 4 Class Distribution -------------------- 69% | Mutant 30% | Hauler-Mutant Dominant Class ---------------- Mutant | -10/Materials Hauler-Mutant | -10/Mines Resources | -11 -10 -10 ----------- Run | Scr Mat Min Matter Collected 462 | 277 139 46 Remotely . | . . . Salvage Created 547 | 82 404 61 Parts 49 | 10 34 5 Haulers Intercepted 2 | . 2 . Recyclers Shooed . | . . . Parts Field Recycled . | . . . Retrieved Matter . | . . . Parts Self-Destructed . | . . . Prevented . | . . . Kills | -11 -10 -10 ------- Run | Scr Mat Min Combat Hostiles Destroyed 26 | . 11 15 Guns 7 | . 5 2 Cannons 2 | . 1 1 AOE 17 | . 5 12 Classes Destroyed 8 | 2 4 2 Tunneler 2 | 2 . . Hauler 2 | . 2 . Recycler 2 | 1 1 . Operator 1 | . . 1 Watcher 2 | . 2 . Swarmer 9 | . 6 3 Grunt 5 | . 5 . Assembled 12 | . . 12 Best Kill Streak 12 | 1 6 12 Combat Bots Only 12 | . 5 12 Max Kills in Single Turn 4 | 1 3 4 Gunslinging . | . . . Exploded 3 | . 2 3 Melee . | . . . Uniques/NPCs Destroyed . | . . . Combat | -11 -10 -10 -------- Run | Scr Mat Min Damage Taken 1284 | . 246 1038 Core 261 | . 42 219 Absorbed by Shields . | . . . Core Remaining (%) 100 | 100 . . Volleys Fired 56 | 7 36 13 Largest 2 | 2 2 2 Hottest 70 | 70 70 65 Shots Fired 104 | 14 68 22 Gun 65 | 14 43 8 Cannon 27 | . 21 6 Launcher 12 | . 4 8 Special . | . . . Kinetic 74 | 7 53 14 Thermal 18 | 7 11 . Explosive 12 | . 4 8 Electromagnetic . | . . . Robot Hit Streak 14 | 11 14 8 Robot Miss Streak 4 | . 4 3 Penetration Max . | . . . Secondary Targets . | . . . Shots Hit Robots 65 | 11 38 16 Core Hits 66 | 5 25 36 Critical Hits . | . . . Critical Kills . | . . . Critical Parts Destroyed . | . . . Melee Attacks . | . . . Impact . | . . . Slashing . | . . . Piercing . | . . . Sneak Attacks . | . . . Combat Hostiles . | . . . Follow-up Attacks . | . . . Damage Inflicted 1748 | 99 692 957 Guns 443 | 99 271 73 Cannons 226 | . 154 72 Explosions 1079 | . 267 812 Melee . | . . . Ramming . | . . . Kinetic 481 | 24 312 145 Thermal 188 | 75 113 . Explosive 1079 | . 267 812 Electromagnetic . | . . . Impact . | . . . Slashing . | . . . Piercing . | . . . Highest Corruption . | . . . Average Corruption . | . . . Corruption Purged . | . . . Overload Shots . | . . . Overflow Damage 3 | . . 3 Projectiles . | . . . Explosions 3 | . . 3 Melee . | . . . Knockbacks 2 | . 1 1 Impact . | . . . Kinetic 2 | . 1 1 Secondary . | . . . Self-Inflicted Damage 81 | . 42 39 Shots 3 | . 2 1 Rammed . | . . . Targets Rammed . | . . . Kicked . | . . . Crushed . | . . . Highest Temperature 174 | 70 174 115 Average Temperature 50 | 25 54 55 Received Heat Transfer 284 | . 24 260 Siege Activations . | . . . Robots Corrupted . | . . . Combat Hostiles . | . . . Parts Fried . | . . . Impact Corruptions . | . . . Robots Melted . | . . . Combat Hostiles . | . . . Parts Melted 1 | 1 . . Heat Transferred 555 | 222 333 . Parts Sabotaged . | . . . Parts Stolen . | . . . Parts Stripped . | . . . Power Chain Reactions . | . . . Missiles Intercepted . | . . . Alert | -11 -10 -10 ------- Run | Scr Mat Min Peak Influence 232 | 15 232 131 Initial 31 | . 9 31 Average 94 | 5 113 88 Maximum Alert Level 1 | . 1 . Low Security (%) 80 | 100 71 100 Level 1 19 | . 28 . Level 2 . | . . . Level 3 . | . . . Level 4 . | . . . Level 5 . | . . . High Security . | . . . Max Security . | . . . Squads Dispatched 2 | . 2 . Investigation 1 | . 1 . Extermination . | . . . Reinforcement 1 | . 1 . Assault . | . . . Garrison . | . . . Intercept . | . . . Construction Impeded . | . . . Haulers Reinforced . | . . . Stealth | -11 -10 -10 --------- Run | Scr Mat Min Distress Signals 1 | . 1 . Communications Jammed . | . . . Distress Signals . | . . . Times Spotted 44 | . 19 25 Peak Tracking Total 12 | . 4 12 Tactical Retreats 2 | . 1 1 Traps | -11 -10 -10 ------- Run | Scr Mat Min Traps Triggered . | . . . Indirectly . | . . . Trap Hack Attempts . | . . . Triggered . | . . . Disarmed . | . . . Reprogrammed . | . . . Reused . | . . . Traps Extracted . | . . . Installed . | . . . Triggered . | . . . Machines | -11 -10 -10 ---------- Run | Scr Mat Min Machines Disabled 1 | . . 1 Max in Single Turn 1 | . . 1 Machines Sabotaged . | . . . Garrisons Compromised . | . . . Overloaded Fab Kills . | . . . Fab Network Shutdowns . | . . . Hacking | -11 -10 -10 --------- Run | Scr Mat Min Machines Accessed 7 | . 7 . Terminals 6 | . 6 . Fabricators . | . . . Repair Stations . | . . . Recycling Units 1 | . 1 . Scanalyzers . | . . . Garrison Access . | . . . Total Hacks 19 | . 19 . Successful 12 | . 12 . Failed 7 | . 7 . Catastrophic 1 | . 1 . Database Lockouts . | . . . Manual 11 | . 11 . Terminals 18 | . 18 . Fabricators . | . . . Repair Stations . | . . . Recycling Units 1 | . 1 . Scanalyzers . | . . . Garrison Access . | . . . Terminal Hacks 6 | . 6 . Prototype ID Bank 2 | . 2 . Locate Traps 1 | . 1 . Transport Status 1 | . 1 . Hauler Manifests 1 | . 1 . Registered Components 1 | . 1 . Fabricator Hacks . | . . . Repair Station Hacks . | . . . Recycling Unit Hacks . | . . . Scanalyzer . | . . . Garrison Access Hacks . | . . . Unauthorized Hacks 6 | . 6 . Terminals 5 | . 5 . Assimilate 1 | . 1 . Botnet 3 | . 3 . Operators 1 | . 1 . Fabricators . | . . . Repair Stations . | . . . Recycling Units 1 | . 1 . Tunnel 1 | . 1 . Scanalyzers . | . . . Garrison Access . | . . . Data Cores Recovered . | . . . Used . | . . . Hacking Detections 6 | . 6 . Full Trace Events . | . . . Feedback Events . | . . . Feedback Blocked . | . . . Robot Schematics Acquired . | . . . Robots Built . | . . . Matter . | . . . Time . | . . . Total Robot Build Rating . | . . . Part Schematics Acquired . | . . . Parts Built . | . . . Matter . | . . . Time . | . . . Total Part Build Rating . | . . . Parts Repaired . | . . . Time . | . . . Parts Recycled . | . . . Recycled Matter . | . . . Retrieved Matter . | . . . Retrieved Components . | . . . Parts Scanalyzed . | . . . Part Schematics Acquired . | . . . Parts Damaged . | . . . Bothacking | -11 -10 -10 ------------ Run | Scr Mat Min Used RIF Installer . | . . . Robots Hacked . | . . . Non-combat . | . . . Combat . | . . . Robot Hacks Applied . | . . . Relay Couplers Released . | . . . Robots Rewired . | . . . Allies Hacked . | . . . Hacks Repelled . | . . . Allies | -11 -10 -10 -------- Run | Scr Mat Min Total Allies 4 | . 1 3 Largest Group 4 | . 1 4 Highest-Rated Group 50 | . 10 50 Highest-Rated Ally 16 | . 10 16 Total Orders . | . . . Ally Attacks 8 | . . 8 Total Damage 24 | . . 24 Kills . | . . . Allies Corrupted . | . . . Allies Melted . | . . . Intel | -11 -10 -10 ------- Run | Scr Mat Min Robot Analysis Total . | . . . Derelict Logs Recovered 1 | . . 1 Drone Launches . | . . . Drone Recoveries . | . . . Exploration | -11 -10 -10 ------------- Run | Scr Mat Min Turns Passed 1220 | 162 844 214 Spaces Moved 830 | 93 617 120 Core 5 | 3 . 2 Treads 54 | 52 . 2 Legs . | . . . Wheels 771 | 38 617 116 Hover . | . . . Flight . | . . . Fastest Speed 50 | 50 100 50 Average Speed 118 | 131 112 139 Slowest Speed 220 | 160 140 220 Overloaded Moves . | . . . Propulsion Burnouts . | . . . Robots Hopped . | . . . Cave-ins Triggered . | . . . Exploration Rate (%) 44 | 6 89 37 Regions Visited 2 Branch Regions 1 Pre-discovered Areas 3 | . 1 2 Known Exits Taken . | . . . Unknown Exits Taken 2 | 1 1 . Scrap Searched 1 | . . 1 Spaces Dug . | . . . Terrain Destroyed 57 | . 32 25 Melee . | . . . Projectile . | . . . AOE 57 | . 32 25 Terrain Rammed . | . . . Walls Destroyed . | . . . Machines Disabled . | . . . Actions | -11 -10 -10 --------- Run | Scr Mat Min Total 971 | 117 711 143 Wait 19 | . 19 . Move 828 | 92 616 120 Hop . | . . . Pick Up 30 | 10 19 1 Fast Attach 7 | 6 1 . Attach 5 | 1 . 4 Detach . | . . . Swap 13 | . 9 4 Drop 13 | 1 11 1 Fire 56 | 7 36 13 Melee . | . . . Ram . | . . . Kick . | . . . Crush . | . . . Escape Stasis . | . . . Rewire . | . . . Trap . | . . . Miscellaneous . | . . . Route ------- -11/Scrapyard -10/Materials (discovered 5 exits: [*Mat x3] / [*Min x2]) -10/Mines History --------- Turn | Location | Event 17 | -11/Scrapyard | Discovered new exit (range 15) 163 | -11/Scrapyard | Entered Materials 301 | -10/Materials | Build established: Mutant 344 | -10/Materials | Discovered new exit (range 8) 513 | -10/Materials | Discovered new exit (range 8) 538 | -10/Materials | Discovered new exit (range 15) 837 | -10/Materials | Discovered new exit (range 10) 910 | -10/Materials | Discovered new exit (range 12) 1007 | -10/Materials | Entered Mines 1007 | -10/Mines | Accompanied by 1 ally 1008 | -10/Mines | Learned location of Storage (-9) 1130 | -10/Mines | Build established: Hauler-Mutant 1166 | -10/Mines | Assisted by bots powering up and referring to "LRC-V3" 1170 | -10/Mines | Assembled infested the area 1202 | -10/Mines | Core integrity fell below 50% 1214 | -10/Mines | Core integrity fell below 20% 1220 | -10/Mines | Released all parts (4) 1221 | -10/Mines | Destroyed by D-53 Grenadier with Mini Grenade Launcher Last Messages --------------- 01196_ Grenade Launcher destroyed. 01202_ Lgt. Cannon destroyed. 01206_ Assault Rifle destroyed. 01206_ as-89113 destroyed. 01208_ Acquired 3 matter. 01210_ Lgt. Treads destroyed. 01212_ as-21533 destroyed. 01215_ Lgt. Treads destroyed. 01216_ The unstable cave ceiling collapses. 01216_ Lgt. Assault Rifle destroyed. 01217_ C-30 ARC bursts open, deploying its payload. 01217_ D-53 Grenadier unfolds itself. 01218_ Acquired 11 matter. 01219_ Assault Rifle destroyed. 01220_ The unstable cave ceiling collapses. 01220_ Released Lgt. Treads. 01220_ Released Hcp. Storage Unit. 01220_ Released Ion Engine. 01221_ as-82367 destroyed. 01221_ as-80217 destroyed. Map ----- +----------------------------------------------------+ | | | | | | | | | | | | | | | | | | | ???????????????????????????????????????????????? | | ???????????????????????????????????????????????? | | ????????##############?????????????????????????? | | ????????# #???????????##????????????? | | ????????# #??????????? ###??????????? | | ????????# """ """ #??????????? ???????????? | | ????????# """ """ #?????????? ???????????? | | ?????#### """ """ #?????????? ????????????? | | ?????# #?????????? #????????????? | | ?????# ## " """ #?????????# #????????????? | | ?????# ## """ #??????### ##?#?????????? | | ?????# ## """ #?????# # # #?????????? | | ###### # #?#### [ #?????????? | | ## #?# # %= #?????????? | | ######### ### a #??????????? | | ????????# ####### aaaa #??????????? | | ????????####### #?????#![@ !% == #??????????? | | ??????????????# #?????##!!! #???????????? | | ??????????????# #?????#=! !* ##???????????? | | ??????????????# #?????#*==! ####????????????? | | ??????????##### #?????## = ##???????????????? | | ??????????# #?????## #????????????????? | | ??????????# ####??????# #????????????????? | | ??????????# #?????????## #????????????????? | | ??????????# #?????????## #????????????????? | | ??????????# ##????????# ##????????????????? | | ??????????# ##???????# ##????????????????? | | ??????????# #???????## d ##???????????????? | | ?????????# ##???????## d ##?###??????????? | | ?#????????# ##???????### ## ##?????????? | | ??????????# ##????????## #?????????? | | ??????????# ##????????#" #?????????? | | ??????????## #???????##% ##?????????? | | ???????????#### ##??????# ##??????????? | | ??????????????## ####???# ##???????????? | | ???????????????# ##### ##????????????? | | ???????????????# ##?????????????? | | ???????????????# ##??????????????? | | ???????????????## ########???????????????? | | ????????????????## """ #??????????????????????? | | ?????????????????# """ #?????????????????????? | +----------------------------------------------------+ Best States ------------- Heat Dissipation 25 Energy Generation 10 Energy Capacity 250 Matter Stores 300 Matter Capacity 300 Sight Range 16 Terrain Scan Density 10 Evasion (%) 40 Recoil Reduction 2 Item Schematics ----------------- None Robot Schematics ------------------ None Fabricated ------------ Nothing Alien Tech Used ----------------- None Achievements -------------- None Challenges ------------ None Game ------ Seed SmartbombFortressSheargun Manual? 0 Play Time 00:13:44 Cumulative 202.6 hours Start 2020.10.06 @ 14:20:32 End 2020.10.06 @ 14:43:00 Sessions 1 Manual Loads 0 Difficulty Rogue Special Mode None Game No. 227 Rogue 227 Adventurer 0 Explorer 0 Win Type - Total 2 Types 2/0/0/0/0/0/0/0/0 Lore% 61 Gallery% 75 Achievement% 58 Wizard Run 0 Options --------- ASCII 0 Keyboard 0 Movement Numpad Keybinds 0 Fullscreen 2 Font 24/Smallcaps Map View 76x50 Tactical HUD 1 Map Filters NONE Filters NONE Steam 1 RUN: aa5d9ecb-929a-4198-8874-4d834672cdd8